PL
NORTHERN VIRGINIA RAINBOW MERMAIDS @ CHICAGO SILVER SOX
09/22/2038
 
TOP OF THE 1ST
Northern Virginia Rainbow Mermaids batting - Pitching for Chicago Silver Sox : RHP Valentin Calhamar
Pitching: RHP Valentin Calhamar
Batting: LHB Tim Stinson 0-0: Ball
1-0: Called Strike
1-1: Called Strike
1-2: Foul Ball, location: 2F
1-2: Fly out, F8 (Flyball, 8RM, EV 87.5 MPH)
Batting: RHB Mario Castillo 0-0: Called Strike
0-1: Foul Ball, location: 2F
0-2: Ball
1-2: Ball
2-2: Ball
3-2: Fly out, F9 (Flyball, 9D, EV 95.6 MPH)
Batting: LHB Tural Bishara 0-0: Called Strike
0-1: Ground out 4-3 (Groundball, 4, EV 83.8 MPH)
Top of the 1st over - 0 runs, 0 hits, 0 errors, 0 left on base; Northern Virginia 0 - Chicago 0
BOTTOM OF THE 1ST
Chicago Silver Sox batting - Pitching for Northern Virginia Rainbow Mermaids : LHP Noe Toepfer
Pitching: LHP Noe Toepfer
Batting: RHB Brock Dean 0-0: Ball
1-0: Ball
2-0: Fly out, F8 (Line Drive, 8RD, EV 98.8 MPH)
Batting: LHB Jonathan Gunner 0-0: Called Strike
0-1: Swinging Strike
0-2: Strikes out looking
Batting: RHB Melvin Thomas 0-0: Ball
1-0: Swinging Strike
1-1: Ball
2-1: Swinging Strike
2-2: Strikes out swinging
Bottom of the 1st over - 0 runs, 0 hits, 0 errors, 0 left on base; Northern Virginia 0 - Chicago 0
TOP OF THE 2ND
Northern Virginia Rainbow Mermaids batting - Pitching for Chicago Silver Sox : RHP Valentin Calhamar
Batting: LHB Ryder Ringor 0-0: SINGLE (Line Drive, 89S, EV 102.5 MPH)
Batting: SHB Lupo Cotto 0-0: SINGLE (Groundball, 4MD, EV 99.4 MPH)
Ryder Ringor to second
Batting: LHB Craig Morgan 0-0: Ball
1-0: Ball
2-0: Foul Ball, location: 2F
2-1: Ball
3-1: Base on Balls
Ryder Ringor to third
Lupo Cotto to second
Batting: RHB Phil McCroskey 0-0: SINGLE (Groundball, 4, EV 86.9 MPH) (infield hit)
Ryder Ringor scores
Lupo Cotto to third
Craig Morgan to second
Batting: LHB Jim Brown 0-0: Ball
1-0: Foul Ball, location: 2F
1-1: Ball
2-1: Ball
3-1: Foul Ball, location: 2F
3-2: Foul Ball, location: 2F
3-2: Foul Ball, location: 2F
3-2: Base on Balls
Lupo Cotto scores
Craig Morgan to third
Phil McCroskey to second
Batting: RHB Tony Calhoun 0-0: Called Strike
0-1: Foul Ball, location: 2F
0-2: Strikes out looking
Batting: LHB Tim Stinson 0-0: Foul Ball, location: 2F
0-1: Fly out, F8 (Flyball, 8LS, EV 89.4 MPH)
Batting: RHB Mario Castillo 0-0: Fly out, F7 (Flyball, 7S, EV 76.9 MPH)
Top of the 2nd over - 2 runs, 3 hits, 0 errors, 3 left on base; Northern Virginia 2 - Chicago 0
BOTTOM OF THE 2ND
Chicago Silver Sox batting - Pitching for Northern Virginia Rainbow Mermaids : LHP Noe Toepfer
Batting: RHB Manuel Ramos 0-0: Foul Ball, location: 2F
0-1: Fly out, F9 (Flyball, 9S, EV 81.9 MPH)
Batting: RHB Fortunato Rasquinha 0-0: Ball
1-0: Ball
2-0: Ground out U3 (Groundball, 3L, EV 86.9 MPH)
Batting: RHB Garm van Opdorp 0-0: Ball
1-0: Ball
2-0: DOUBLE (Line Drive, 8LD, EV 97.5 MPH)
Batting: RHB Ricardo Mireles 0-0: Ball
1-0: Fly out, F8 (Line Drive, 8LM, EV 91.9 MPH)
Bottom of the 2nd over - 0 runs, 1 hit, 0 errors, 1 left on base; Northern Virginia 2 - Chicago 0
TOP OF THE 3RD
Northern Virginia Rainbow Mermaids batting - Pitching for Chicago Silver Sox : RHP Valentin Calhamar
Batting: LHB Tural Bishara 0-0: Ground out 5-3 (Groundball, 6, EV 99.4 MPH)
Batting: LHB Ryder Ringor 0-0: Foul Ball, location: 2F
0-1: Called Strike
0-2: DOUBLE (Flyball, 78D, EV 88.1 MPH)
Batting: SHB Lupo Cotto 0-0: Called Strike
0-1: Swinging Strike
0-2: Ball
1-2: Foul Ball, location: 2F
1-2: Ball
2-2: Strikes out swinging
Batting: LHB Craig Morgan 0-0: Foul Ball, location: 2F
0-1: Ball
1-1: Ball
2-1: Foul Ball, location: 2F
2-2: Strikes out swinging
Top of the 3rd over - 0 runs, 1 hit, 0 errors, 1 left on base; Northern Virginia 2 - Chicago 0
BOTTOM OF THE 3RD
Chicago Silver Sox batting - Pitching for Northern Virginia Rainbow Mermaids : LHP Noe Toepfer
Batting: SHB Gerrie Bond 0-0: Swinging Strike
0-1: Ball
1-1: Ball
2-1: Ball
3-1: Called Strike
3-2: Foul Ball, location: 2F
3-2: Foul Ball, location: 2F
3-2: Base on Balls
Batting: LHB Chris Fitzgerald 0-0: Called Strike
0-1: Swinging Strike
0-2: Ball
1-2: Foul Ball, location: 2F
1-2: Foul Ball, location: 2F
1-2: Strikes out swinging
Batting: RHB Brock Dean 0-0: Called Strike
0-1: Swinging Strike
0-2: Fly out, F9 (Flyball, 9LS, EV 86.2 MPH)
Batting: LHB Jonathan Gunner 0-0: Ball
1-0: Fly out, F8 (Flyball, 8LXD, EV 101.2 MPH)
Bottom of the 3rd over - 0 runs, 0 hits, 0 errors, 1 left on base; Northern Virginia 2 - Chicago 0
TOP OF THE 4TH
Northern Virginia Rainbow Mermaids batting - Pitching for Chicago Silver Sox : RHP Valentin Calhamar
Batting: RHB Phil McCroskey 0-0: Called Strike
0-1: SINGLE (Line Drive, 4D, EV 94.4 MPH)
Batting: LHB Jim Brown 0-0: Ball
1-0: Ball
2-0: Foul Ball, location: 2F
2-1: Swinging Strike
2-2: Strikes out swinging
Batting: RHB Tony Calhoun 0-0: Ball
1-0: Foul Ball, location: 2F
1-1: Fly out, F9 (Flyball, 9S, EV 90.6 MPH)
Batting: LHB Tim Stinson 0-0: Ball
1-0: Ball
2-0: Fly out, F2 (Popup, 2LF, EV 83.8 MPH)
Top of the 4th over - 0 runs, 1 hit, 0 errors, 1 left on base; Northern Virginia 2 - Chicago 0
BOTTOM OF THE 4TH
Chicago Silver Sox batting - Pitching for Northern Virginia Rainbow Mermaids : LHP Noe Toepfer
Batting: RHB Melvin Thomas 0-0: Ball
1-0: Ball
2-0: Called Strike
2-1: Ground out 5-3 (Groundball, 56, EV 106.9 MPH)
Batting: RHB Manuel Ramos 0-0: Called Strike
0-1: Ball
1-1: Called Strike
1-2: Ball
2-2: Strikes out looking
Batting: RHB Fortunato Rasquinha 0-0: Ball
1-0: Fly out, F9 (Line Drive, 89M, EV 91.2 MPH)
Bottom of the 4th over - 0 runs, 0 hits, 0 errors, 0 left on base; Northern Virginia 2 - Chicago 0
TOP OF THE 5TH
Northern Virginia Rainbow Mermaids batting - Pitching for Chicago Silver Sox : RHP Valentin Calhamar
Batting: RHB Mario Castillo 0-0: Ball
1-0: Ball
2-0: Ball
3-0: Fly out, F6 (Line Drive, 6, EV 71.2 MPH)
Batting: LHB Tural Bishara 0-0: Called Strike
0-1: Ball
1-1: Ground out 4-3 (Groundball, 4, EV 103.1 MPH)
Batting: LHB Ryder Ringor 0-0: Fly out, F7 (Flyball, 7S, EV 80.6 MPH)
Top of the 5th over - 0 runs, 0 hits, 0 errors, 0 left on base; Northern Virginia 2 - Chicago 0
BOTTOM OF THE 5TH
Chicago Silver Sox batting - Pitching for Northern Virginia Rainbow Mermaids : LHP Noe Toepfer
Batting: RHB Garm van Opdorp 0-0: Ball
1-0: Called Strike
1-1: Called Strike
1-2: Fly out, F3 (Popup, 3F, EV 58.8 MPH)
Batting: RHB Ricardo Mireles 0-0: Ball
1-0: Ball
2-0: Ball
3-0: Called Strike
3-1: Called Strike
3-2: Base on Balls
Batting: SHB Gerrie Bond 0-0: Called Strike
0-1: Ball
1-1: Called Strike
Ricardo Mireles steals 2nd base
1-2: Ground out 4-3 (Groundball, 4, EV 81.9 MPH)
Ricardo Mireles to third
Batting: LHB Chris Fitzgerald 0-0: Foul Ball, location: 2F
0-1: Called Strike
Steal of home, Ricardo Mireles is out
Bottom of the 5th over - 0 runs, 0 hits, 0 errors, 0 left on base; Northern Virginia 2 - Chicago 0
TOP OF THE 6TH
Northern Virginia Rainbow Mermaids batting - Pitching for Chicago Silver Sox : RHP Valentin Calhamar
Batting: SHB Lupo Cotto 0-0: Fly out, F8 (Flyball, 8LS, EV 78.1 MPH)
Batting: LHB Craig Morgan 0-0: Ground out 6-3 (Groundball, 56, EV 100.0 MPH)
Batting: RHB Phil McCroskey 0-0: Called Strike
0-1: SINGLE (Groundball, 56D, EV 96.2 MPH)
Batting: LHB Jim Brown 0-0: Ball
1-0: Called Strike
1-1: Fly out, F6 (Line Drive, 6, EV 76.9 MPH)
Top of the 6th over - 0 runs, 1 hit, 0 errors, 1 left on base; Northern Virginia 2 - Chicago 0
BOTTOM OF THE 6TH
Chicago Silver Sox batting - Pitching for Northern Virginia Rainbow Mermaids : LHP Noe Toepfer
Batting: LHB Chris Fitzgerald 0-0: Ground out 5-3 (Groundball, 56, EV 80.0 MPH)
Batting: RHB Brock Dean 0-0: Swinging Strike
0-1: Ball
1-1: Ball
2-1: Ball
3-1: Base on Balls
Batting: LHB Jonathan Gunner 0-0: Foul Ball, location: 2F
0-1: Fly out, F8 (Flyball, 8RXD, EV 106.9 MPH)
Batting: RHB Melvin Thomas 0-0: Ball
1-0: Fly out, F8 (Flyball, 78D, EV 92.5 MPH)
Bottom of the 6th over - 0 runs, 0 hits, 0 errors, 1 left on base; Northern Virginia 2 - Chicago 0
TOP OF THE 7TH
Northern Virginia Rainbow Mermaids batting - Pitching for Chicago Silver Sox : RHP Valentin Calhamar
Batting: RHB Tony Calhoun 0-0: Foul Ball, location: 2F
0-1: Foul Ball, location: 2F
0-2: Ground out 4-3 (Groundball, 4, EV 103.1 MPH)
Batting: LHB Tim Stinson 0-0: Ball
1-0: Ball
2-0: Foul Ball, location: 2F
2-1: Ball
3-1: Foul Ball, location: 2F
3-2: Base on Balls
Pitching: RHP Surrealiste Zhejna
Batting: RHB Mario Castillo 0-0: SINGLE (Groundball, 6MD, EV 100.6 MPH)
Tim Stinson to second
Batting: LHB Tural Bishara 0-0: Fly out, F8 (Flyball, 8RXD, EV 103.1 MPH)
Runner from 2nd tags up, SAFE at 3rd, no throw by CF
Batting: LHB Ryder Ringor 0-0: Ball
1-0: Ground out 4-3 (Groundball, 4, EV 103.8 MPH)
Top of the 7th over - 0 runs, 1 hit, 0 errors, 2 left on base; Northern Virginia 2 - Chicago 0
BOTTOM OF THE 7TH
Chicago Silver Sox batting - Pitching for Northern Virginia Rainbow Mermaids : LHP Noe Toepfer
Batting: RHB Manuel Ramos 0-0: Fly out, F9 (Flyball, 9S, EV 86.2 MPH)
Batting: RHB Fortunato Rasquinha 0-0: Swinging Strike
0-1: Ball
1-1: Ball
2-1: SINGLE (Line Drive, 3D, EV 96.2 MPH)
Batting: RHB Garm van Opdorp 0-0: Called Strike
0-1: Ball
1-1: Fly out, F8 (Line Drive, 8LM, EV 104.4 MPH)
Batting: RHB Ricardo Mireles 0-0: Called Strike
0-1: Ball
1-1: Ball
2-1: Swinging Strike
2-2: Fly out, F9 (Flyball, 89M, EV 87.5 MPH)
Bottom of the 7th over - 0 runs, 1 hit, 0 errors, 1 left on base; Northern Virginia 2 - Chicago 0
TOP OF THE 8TH
Northern Virginia Rainbow Mermaids batting - Pitching for Chicago Silver Sox : RHP Surrealiste Zhejna
Batting: SHB Lupo Cotto 0-0: Foul Ball, location: 2F
0-1: Swinging Strike
0-2: Ball
1-2: Ball
2-2: SINGLE (Line Drive, 89M, EV 90.6 MPH)
Batting: LHB Craig Morgan 0-0: Ball
1-0: DOUBLE (Groundball, 5L, EV 101.2 MPH)
Lupo Cotto to third
Batting: RHB Phil McCroskey 0-0: Ball
1-0: Fly out, F9 (Line Drive, 9, EV 86.9 MPH)
Batting: LHB Jim Brown 0-0: Ball
1-0: Called Strike
1-1: Called Strike
1-2: Foul Ball, location: 2F
1-2: Foul Ball, location: 2F
1-2: Ball
2-2: Ball
3-2: Foul Ball, location: 2F
3-2: Foul Ball, location: 2F
3-2: SINGLE (Groundball, 56, EV 106.9 MPH)
Lupo Cotto scores
Craig Morgan to third
Runner from 3rd tries for Home, SAFE, throw by LF to home
Batting: RHB Tony Calhoun 0-0: Fly out, F9 (Line Drive, 9, EV 103.1 MPH)
Batting: LHB Tim Stinson 0-0: Fielders Choice at 2nd, 5-4 (Groundball, 56, EV 84.4 MPH)
Top of the 8th over - 2 runs, 3 hits, 0 errors, 1 left on base; Northern Virginia 4 - Chicago 0
BOTTOM OF THE 8TH
Chicago Silver Sox batting - Pitching for Northern Virginia Rainbow Mermaids : LHP Noe Toepfer
Batting: SHB Gerrie Bond 0-0: Fly out, F9 (Line Drive, 9, EV 92.5 MPH)
Batting: LHB Chris Fitzgerald 0-0: Ball
1-0: Swinging Strike
1-1: Ball
2-1: SINGLE (Line Drive, 56D, EV 108.1 MPH)
Pitching: RHP Yoriyoshi Sugimoto
Batting: RHB Brock Dean 0-0: Called Strike
0-1: Foul Ball, location: 2F
0-2: Foul Ball, location: 2F
0-2: Fly out, F8 (Line Drive, 8LM, EV 90.0 MPH)
Batting: LHB Jonathan Gunner 0-0: Ground out 4-3 (Groundball, 4, EV 102.5 MPH)
Bottom of the 8th over - 0 runs, 1 hit, 0 errors, 1 left on base; Northern Virginia 4 - Chicago 0
TOP OF THE 9TH
Northern Virginia Rainbow Mermaids batting - Pitching for Chicago Silver Sox : RHP Surrealiste Zhejna
Batting: RHB Mario Castillo 0-0: Ball
1-0: Ball
2-0: Ground out 4-3 (Groundball, 4, EV 75.6 MPH)
Batting: LHB Tural Bishara 0-0: Called Strike
0-1: Ball
1-1: Swinging Strike
1-2: SINGLE (Groundball, 4MS, EV 68.1 MPH) (infield hit)
Pitching: RHP Lewis Carter
Batting: LHB Ryder Ringor 0-0: Called Strike
Tural Bishara steals 2nd base
0-1: Ball
1-1: Fly out, F9 (Flyball, 9S, EV 82.5 MPH)
Batting: SHB Lupo Cotto 0-0: SINGLE (Line Drive, 8LS, EV 92.5 MPH)
Tural Bishara to third
Runner from 3rd tries for Home, SAFE, throw by CF to home
Batting: LHB Craig Morgan 0-0: Ball
1-0: Ball
2-0: Ball
3-0: Swinging Strike
3-1: SINGLE (Groundball, 6D, EV 104.4 MPH)
Lupo Cotto to second
Batting: RHB Phil McCroskey 0-0: Called Strike
0-1: Called Strike
0-2: Ball
1-2: Ball
2-2: Strikes out looking
Top of the 9th over - 1 run, 3 hits, 0 errors, 2 left on base; Northern Virginia 5 - Chicago 0
BOTTOM OF THE 9TH
Chicago Silver Sox batting - Pitching for Northern Virginia Rainbow Mermaids : RHP Yoriyoshi Sugimoto
Batting: RHB Melvin Thomas 0-0: Ball
1-0: SINGLE (Groundball, 6D, EV 96.9 MPH)
Batting: RHB Manuel Ramos 0-0: Fly out, F3 (Popup, 34S, EV 80.6 MPH)
Batting: RHB Fortunato Rasquinha 0-0: Called Strike
0-1: Foul Ball, location: 2F
0-2: Strikes out looking
Batting: RHB Garm van Opdorp 0-0: Called Strike
0-1: Ball
1-1: Swinging Strike
1-2: Ball
Wild Pitch!
Melvin Thomas to second
2-2: SINGLE (Groundball, 5S, EV 68.1 MPH) (infield hit)
Melvin Thomas to third
Batting: RHB Ricardo Mireles 0-0: Swinging Strike
0-1: Foul Ball, location: 2F
0-2: Strikes out looking
Bottom of the 9th over - 0 runs, 2 hits, 0 errors, 2 left on base; Northern Virginia 5 - Chicago 0
Friday, April 17th, 2020 - OOTP Baseball 20.8 Build 74